 Dungeon Crawl Stone Soup version 0.25-a0-663-gace7076 (webtiles) character file.

Game seed: 1421467539968487905, levelgen mode: deterministic

2438 Faca the Fighter (level 9, -1/77 HPs)
             Began as a Human Fighter on Mar 24, 2020.
             Slain by a howler monkey (2 damage)
             ... on level 7 of the Dungeon.
             The game lasted 00:14:37 (7407 turns).

Faca the Fighter (Human Fighter)                    Turns: 7407, Time: 00:14:37

Health: -1/77      AC:  9    Str: 19    XL:     9   Next: 77%
Magic:  9/9        EV:  5    Int:  9    God:
Gold:   255        SH:  9    Dex: 13    Spells: 8/8 levels left

rFire    . . .     SeeInvis .   a - +1 long sword
rCold    . . .     Gourm    .   c - +0 kite shield
rNeg     . . .     Faith    .   q - +0 chain mail
rPois    .         Spirit   .   (no helmet)
rElec    .         Reflect  .   l - scarf {repulsion}
rCorr    .         Harm     .   (no gloves)
MR       .....                  (no boots)
Stlth    ..........             (no amulet)
HPRegen  0.22/turn              s - ring of stealth
MPRegen  0.11/turn              (no ring)

@: repel missiles
A: no striking features
a: no special abilities


You were on level 7 of the Dungeon.
You were hungry.

You visited 2 branches of the dungeon, and saw 8 of its levels.

You collected 255 gold pieces.

Inventory:

Hand Weapons
 a - a +1 long sword (weapon)
Missiles
 k - 37 poisoned darts (quivered)
 u - a throwing net
Armour
 c - a +0 kite shield (worn)
 l - a scarf of repulsion (worn)
 q - a +0 chain mail (worn)
Jewellery
 s - a ring of stealth (left hand)
Wands
 d - a wand of digging (8)
 n - a wand of disintegration (22)
 p - a wand of paralysis (12)
 v - a wand of acid (9)
Scrolls
 h - 2 scrolls of fear
 i - 2 scrolls of enchant armour
 j - 3 scrolls of remove curse
 m - 5 scrolls of identify
 r - a scroll of enchant weapon
 t - a scroll of teleportation
Potions
 b - 2 potions of lignification {unknown}
 g - a potion of ambrosia
 o - 2 potions of invisibility
Comestibles
 f - 10 rations


   Skills:
 + Level 9.4 Fighting
 + Level 9.1 Long Blades
 - Level 3.0 Armour
 - Level 3.0 Shields


You had 8 spell levels left.
You didn't know any spells.
Your spell library was empty.

Dungeon Overview and Level Annotations

Branches:
Dungeon (7/15)             Temple (1/1) D:5

Altars:
Ashenzari
Cheibriados
Dithmenos
Elyvilon
Fedhas
Gozag
Hepliaklqana
Kikubaaqudgha
Makhleb
Nemelex Xobeh
Okawaru
Qazlal
Ru
Trog
Uskayaw
Vehumet
Xom
Yredelemnul
Zin
The Shining One


Message History

You block the howler monkey's attack.
The crimson imp blinks!
Your shield and chain mail prevent you from hitting the howler monkey.
The howler monkey is moderately wounded.
You block the howler monkey's attack.
You barely miss the howler monkey.
The howler monkey is moderately wounded.
The howler monkey hits you but does no damage.
The crimson imp shouts, "Scamper hence, thou mammering flat-headed skainsmate!"
The howler monkey hoots and howls with incredible vigour!
The orc barely misses you.
You hear a shout!
You hear a loud, deep croak!
You closely miss the howler monkey.
The howler monkey is moderately wounded.
The crimson imp barely misses you. The howler monkey hits you.
* * * LOW HITPOINT WARNING * * *
You closely miss the howler monkey.
The howler monkey is moderately wounded.
You block the orc's attack. You block the crimson imp's attack.
The howler monkey hits you.
You die...

#.#### #....#
####....#
.......# #
#....# #
#.##....##?#
#..........#
...##...5#..#
# #...@#....#
#.#.ho#...o.o
#.###.###.#.#
#. .. .# . #.
<#. # .... ..
.. ..##..


You could see a howler monkey, a crimson imp and an orc.

Vanquished Creatures
  Pikel (D:5)
  Joseph (D:7)
  2 steam dragons (D:5)
  Menkaure (D:7)
  An ice beast (D:6)
  A phantom (D:4)
  3 ogres
  A centaur (D:5)
  Blork the orc (D:5)
  A bullfrog (D:6)
  2 crimson imps (D:6)
  4 hounds
  A bullfrog skeleton (D:6)
  2 iguanas
  7 worker ants
  3 orc wizards
  Natasha (D:3)
  2 worker ant zombies (D:5)
  10 adders
  2 shadow imps (D:6)
  An adder zombie (D:5)
  3 worms (D:2)
  2 dart slugs
  12 orcs
  2 ball pythons
  7 giant cockroaches
  8 goblins
  8 hobgoblins
  6 jackals
  4 quokkas
  A ball python zombie (D:5)
  9 bats
  6 frilled lizards
  7 kobolds
  9 rats
132 creatures vanquished.

Vanquished Creatures (others)
  A slave (D:5)
  A jelly (D:5)
  A fungus (D:5)
3 creatures vanquished.

Grand Total: 135 creatures vanquished

Notes
Turn   | Place    | Note
-------+----------+-------------------------------------------
     0 | D:1      | Faca the Human Fighter began the quest for the Orb.
     0 | D:1      | Reached XP level 1. HP: 18/18 MP: 1/1
    10 | D:1      | Noticed a centaur
    65 | D:1      | Reached XP level 2. HP: 24/24 MP: 2/2
   250 | D:1      | Reached XP level 3. HP: 26/29 MP: 3/3
  1226 | D:2      | Reached XP level 4. HP: 31/37 MP: 4/4
  1337 | D:2      | Found a glowing golden altar of the Shining One.
  1339 | D:2      | Noticed an angel
  1959 | D:2      | Found a basalt altar of Yredelemnul.
  2270 | D:3      | Reached XP level 5. HP: 42/42 MP: 5/5
  2571 | D:3      | Noticed Natasha
  2576 | D:3      | Killed Natasha
  3051 | D:4      | Reached XP level 6. HP: 50/50 MP: 6/6
  3067 | D:4      | Reached skill level 5 in Fighting
  3425 | D:4      | Noticed an ogre
  3437 | D:4      | Killed an ogre
  3437 | D:4      | Reached skill level 5 in Long Blades
  3497 | D:4      | Reached XP level 7. HP: 53/56 MP: 7/7
  3805 | D:5      | Entered Level 5 of the Dungeon
  3805 | D:5      | Noticed Blork the orc
  3813 | D:5      | Killed Blork the orc
  4619 | D:5      | Found a staircase to the Ecumenical Temple.
  4628 | Temple   | Entered the Ecumenical Temple
  4751 | D:5      | Noticed Pikel
  4789 | D:5      | Killed Pikel
  4789 | D:5      | Reached XP level 8. HP: 23/67 MP: 8/8
  5158 | D:5      | Found the +9 staff of Wucad Mu {channel}
  5386 | D:5      | Reached XP level 9. HP: 35/74 MP: 9/9
  6388 | D:6      | Found a shimmering altar of Xom.
  6388 | D:6      | Noticed a cyan ugly thing
  6825 | D:6      | Identified the amulet of Cenkohya {Faith rN+ Int+2}
  7299 | D:6      | Found a white marble altar of Elyvilon.
  7301 | D:6      | Found an iron altar of Okawaru.
  7381 | D:7      | Noticed Menkaure
  7382 | D:7      | Noticed Joseph
  7390 | D:7      | Killed Menkaure
  7398 | D:7      | HP: 3/76 [Joseph/cursed -3 quarterstaff (7)]
  7399 | D:7      | Killed Joseph
  7399 | D:7      | HP: 1/76 [orc wizard/+0 dagger (2)]
  7406 | D:7      | HP: 1/77 [howler monkey (2)]
  7407 | D:7      | Slain by a howler monkey

Levels and vault maps discovered:
D:1:      evilmike_arrival_come_back, layout_basic, solitary_fountain
D:2:      layout_loops_ring, grunt_temple_overflow_holy_war, serial_forest,
          infiniplex_forest_end_2, infiniplex_forest_end_2,
          infiniplex_forest_clump_large, infiniplex_forest_clump_small,
          infiniplex_forest_split, infiniplex_forest_clump_diagonal,
          infiniplex_forest_clump_medium
D:3:      layout_loops_ring, first_ration, serial_bayou_pond_a,
          minmay_misc_feat_plants, uniq_natasha
D:4:      layout_rooms
D:5:      kennysheep_steamy, layout_layer_cave,
          minmay_temple_entry_glassed_door, uniq_blork_the_orc, uniq_pikel
D:6:      layout_loops_ring, nicolae_overflow_hidden_temple, basic_altar,
          minmay_checkerbox
D:7:      layout_basic, basic_altar, uniq_joseph, uniq_harold, uniq_menkaure
Temple:   compressed_dpeg_circular_temple

Skill      XL: |  1  2  3  4  5  6  7  8  9 |
---------------+----------------------------+-----
Long Blades    | 3 4 5 7 9 |  9.1
Fighting       | 4 5 7 8 9 |  9.4
Armour         | |  3.0
Shields        | |  3.0

Action                   |  1- 3 |  4- 6 |  7- 9 || total
-------------------------+-------+-------+-------++-------
Melee: Long sword        |   107 |   177 |   268 ||   552
       Staff             |       |       |    19 ||    19
Throw: Dart              |       |     4 |     2 ||     6
  Use: Scroll            |     6 |     4 |     2 ||    12
       Potion            |       |       |     2 ||     2
  Eat: Chunk             |     1 |     8 |    12 ||    21
Armor: Scale mail        |    70 |    49 |       ||   119
       Chain mail        |       |    21 |   137 ||   158
Dodge: Dodged            |    49 |    50 |    47 ||   146
Block: Kite shield       |    72 |    89 |   130 ||   291
       Rpst.: Long sword |    13 |    15 |    14 ||    42

Table legend:
 A = Non-vault XP
 B = Vault XP
 C = Vault XP percentage of total XP
 D = Non-vault monster count
 E = Vault monster count
 F = Vault count percentage of total count
                 A         B        C        D         E       F
            +---------+---------+-------+---------+---------+-------
      Total |    1815 |    1669 |  47.9 |     122 |      10 |   7.6
            +---------+---------+-------+---------+---------+-------
        D:1 |      45 |       0 |   0.0 |      26 |       0 |   0.0
        D:2 |      69 |       0 |   0.0 |      23 |       0 |   0.0
        D:3 |      79 |      33 |  29.5 |      22 |       1 |   4.3
        D:4 |     449 |       0 |   0.0 |      15 |       0 |   0.0
        D:5 |     379 |    1160 |  75.4 |      18 |       4 |  18.2
        D:6 |     768 |      68 |   8.1 |      17 |       3 |  15.0
        D:7 |      26 |     408 |  94.0 |       1 |       2 |  66.7
            +---------+---------+-------+---------+---------+-------
